[Event "*** Titled Tuesday Blitz"]
[Site "Chess.com"]
[Date "2020.10.27"]
[Round "4"]
[White "Oleksandr_Bortnyk"]
[Black "ENajer77"]
[Result "1-0"]
[WhiteElo "2908"]
[BlackElo "2684"]
[TimeControl "180+1"]
[EndTime "10:38:48 PDT"]
[Termination "Oleksandr_Bortnyk won on time"]

1. e4 c5 2. c3 Nf6 3. e5 Nd5 4. d4 cxd4 5. Nf3 Nc6 6. cxd4 d6 7. Nc3 Nxc3 8. bxc3 dxe5 9. d5 Nb8 10. Nxe5 Nd7 11. Bb5 Qc7 12. Qd4 a6 13. Bxd7+ Bxd7 14. Bf4 g5 15. Nxd7 Qxf4 16. Qxh8 Qe4+ 17. Kf1 Kxd7 18. Qd4 Qxd4 19. cxd4 Bg7 20. Rb1 b5 21. h4 g4 22.
Ke2 Bxd4 23. Rb4 Bf6 24. Rxg4 Rc8 25. Rd1 h5 26. Re4 a5 27. a3 Rc2+ 28. Rd2 Rc3 29.
Rd3 Rc2+ 30. Kf3 Kd6 31. g3 Rc5 32. Rf4 Rxd5 33. Ke4 Rxd3 34. Kxd3 Bb2 35. a4 b4 36.
Rxf7 Bf6 37. Kc4 Ke5 38. Rh7 Ke4 39. Rxh5 Kf3 40. Rf5+ 1-0

[Event "*** Titled Tuesday Blitz"]
[Site "Chess.com"]
[Date "2020.10.27"]
[Round "4"]
[White "GM_Levan_Pantsulaia"]
[Black "nochewycandy"]
[Result "1-0"]
[WhiteElo "2855"]
[BlackElo "2556"]
[TimeControl "180+1"]
[EndTime "10:38:48 PDT"]
[Termination "GM_Levan_Pantsulaia won on time"]

1. Nf3 g6 2. g3 Bg7 3. Bg2 e5 4. O-O Nc6 5. c4 Nge7 6. Nc3 O-O 7. d3 d6 8. Rb1 a5 9. a3 h6 10. b4 axb4 11. axb4 Nd4 12. Nd2 c6 13. e3 Ne6 14.
Qb3 Kh7 15. Ba3 f5 16. b5 Nc5 17. Bxc5 dxc5 18. bxc6 bxc6 19. Rfd1 Be6 20. Qc2 Qa5 21. Nb3 Qa3 22. Rb2 e4 23. dxe4 Bxc4 24. Rd7 Ra7 25. Rxa7 Qxa7 26. Nd2 Be6 27. Ra2 Bxa2 28. Nxa2 Ra8 29.
Nc1 Qa1 30. Nb3 Qa3 31. exf5 Nxf5 32. Bxc6 Rd8 33. Be4 Ne7 34. h4 h5 35. Nd3 c4 36.
Qxc4 Rc8 37. Qe6 1-0

[Event "*** Titled Tuesday Blitz"]
[Site "Chess.com"]
[Date "2020.10.27"]
[Round "4"]
[White "witcher8"]
[Black "Shivagami"]
[Result "0-1"]
[WhiteElo "2422"]
[BlackElo "2265"]
[TimeControl "180+1"]
[EndTime "10:38:48 PDT"]
[Termination "Shivagami won on time"]

1. e4 c5 2. Nc3 e6 3. f4 d5 4.
Bb5+ Bd7 5. Bxd7+ Qxd7 6. exd5 exd5 7. Nf3 Bd6 8. d4 Qe6+ 9. Kf2 Ne7 10. Re1 Qf5 11. dxc5 Bxc5+ 12. Be3 Bxe3+ 13. Rxe3 Nc6 14. Nxd5 O-O-O 15. Nxe7+ Nxe7 16. Qe2 Nd5 17. Qc4+ Kb8 18. Re5 Qxf4 19. Qxf4 Nxf4 20. Rf5 Ne6 21. Rxf7 Rhf8 22.
Rxf8 Rxf8 23. Rd1 Kc7 24. Rd5 Kc6 25. c4 Nf4 26. Rd4 Kc5 27. b3 Nh3+ 28. Kg3 Rxf3+ 29.
gxf3 Kxd4 30. Kxh3 Kc3 31. Kg4 Kb2 32. b4 Kc3 33. b5 Kxc4 34. h4 Kxb5 35. Kg5 Kc6 36. h5 Kd6 37. h6 g6 38. Kf6 Kd7 0-1

[Event "*** Titled Tuesday Blitz"]
[Site "Chess.com"]
[Date "2020.10.27"]
[Round "4"]
[White "HanSchut"]
[Black "TheSodabread"]
[Result "0-1"]
[WhiteElo "2222"]
[BlackElo "1926"]
[TimeControl "180+1"]
[EndTime "10:38:50 PDT"]
[Termination "TheSodabread won by checkmate"]

1. e4 e5 2. Nf3 Nf6 3. Bc4 Nxe4 4. Nc3 Nxc3 5. dxc3 f6 6. Nh4 g6 7. f4 d6 8. fxe5 dxe5 9. Bf7+ Ke7 10. Qxd8+ Kxd8 11. O-O Ke7 12. Bb3 Be6 13. Be3 Nc6 14. Rae1 Bxb3 15. axb3 Ke6 16. b4 Ne7 17. Bc1 Nf5 18. Nf3 Bd6 19. g4 Ne7 20. Nd4+ Kf7 21. Nb5 a6 22. Na3 h5 23. Bg5 Ng8 24. h3 hxg4 25. hxg4 Ke6 26. Be3 Ne7 27. Nc4 Nd5 28. Bf2 Nf4 29. Bg3 g5 30. Ne3 Rh3 31. Nf5 Rah8 32. Kf2 Rd8 33. Bxf4 gxf4 34. Kg2 Rdh8 35. Ng7+ Kf7 36. Nh5 Rh4 37.
Kf3 Rg8 38. Rg1 Rh3+ 39. Ke4 Rg5 40. c4 c6 41. c5 Bc7 42. Rd1 Ke6 43. Rge1 Rxg4 44.
Rd3 f5# 0-1

[Event "*** Titled Tuesday Blitz"]
[Site "Chess.com"]
[Date "2020.10.27"]
[Round "4"]
[White "ChessQueen"]
[Black "jacky72"]
[Result "1-0"]
[WhiteElo "2732"]
[BlackElo "2519"]
[TimeControl "180+1"]
[EndTime "10:38:51 PDT"]
[Termination "ChessQueen won by checkmate"]

1. e4 e5 2. Nf3 Nc6 3. Bc4 Bc5 4. d3 Nf6 5. a4 d6 6. a5 a6 7. c3 h6 8. O-O Ba7 9. Re1 g5 10. Be3 g4 11. Nfd2 Nh5 12. d4 Qf6 13. Nf1 Bd7 14. Ng3 Nf4 15. dxe5 Nxe5 16. Bf1 Bxe3 17. Rxe3 O-O-O 18. Nd2 h5 19. Ne2 Nfd3 20. f3 Qg5 21.
f4 Nxf4 22. Nxf4 Qxf4 23. Qe2 Bb5 24. Qf2 Qxf2+ 25. Kxf2 Bxf1 26. Rxf1 h4 27. Ke2 Rdg8 28. b4 h3 29. g3 Rg5 30. Rf4 Re8 31. Kd1 Re7 32. Kc2 Ng6 33. Rf1 Rge5 34. Rd3 Kd7 35. Rf2 Kc6 36. Rd4 Rg5 37. Rf6 Ne5 38. Rd5 Re6 39. Rf4 Rg8 40. c4 Rge8 41. b5+ axb5 42.
cxb5+ Kd7 43. Kc3 Ra8 44. Kb4 Nd3+ 45. Rxd3 c5+ 46. bxc6+ bxc6 47. Rxf7+ Ke8 48. Rg7 Kf8 49. Rh7 Kg8 50. Rb7 d5 51. exd5 Rd6 52. Nc4 Rxd5 53. Rxd5 cxd5 54. Nb6 Re8 55. a6 Re2 56. a7 Ra2 57.
a8=Q+ Rxa8 58. Nxa8 d4 59. Kc4 d3 60. Kxd3 Kh8 61.
Ke4 Kg8 62. Ke5 Kh8 63. Kf6 Kg8 64. Rc7 Kh8 65. Kg6 Kg8 66. Rc8# 1-0

[Event "*** Titled Tuesday Blitz"]
[Site "Chess.com"]
[Date "2020.10.27"]
[Round "4"]
[White "m_ezat"]
[Black "Witik"]
[Result "0-1"]
[WhiteElo "2504"]
[BlackElo "2703"]
[TimeControl "180+1"]
[EndTime "10:38:51 PDT"]
[Termination "Witik won by checkmate"]

1. d4 d5 2. c4 e6 3. Nc3 c6 4. e4 dxe4 5. Nxe4 Bb4+ 6. Bd2 Qxd4 7. Bxb4 Qxe4+ 8. Be2 Na6 9. Bf8 Qe5 10. Qd2 Bd7 11. Bd6 Qf5 12. Nf3 Nf6 13. Ba3 c5 14. Bd3 Qh5 15. Qe3 Bc6 16. Ne5 Ng4 17. Nxg4 Qxg4 18. Be2 Qf5 19. O-O O-O 20. b3 Rad8 21. Bb2 f6 22. h3 e5 23. Rad1 b6 24. a3 Qc2 25.
Ba1 Kh8 26. Bg4 Qg6 27. Qe2 Rd4 28. b4 Nc7 29. b5 Bb7 30. Bxd4 cxd4 31. Bf3 e4 32.
Bh5 Qg5 33. Rxd4 Ne6 34. f4 Nxf4 35. Qe3 Qxg2# 0-1

[Event "*** Titled Tuesday Blitz"]
[Site "Chess.com"]
[Date "2020.10.27"]
[Round "4"]
[White "ChronicUnhappiness"]
[Black "azikom"]
[Result "1-0"]
[WhiteElo "2379"]
[BlackElo "2583"]
[TimeControl "180+1"]
[EndTime "10:38:51 PDT"]
[Termination "ChronicUnhappiness won on time"]

1. c4 e5 2. g3 Nc6 3. Bg2 h5 4.
Nc3 h4 5. d3 Bc5 6. e3 d6 7. a3 a6 8. Nd5 Ba7 9. Ne2 Nf6 10. Nec3 Nxd5 11. Nxd5 Ne7 12. Bd2 c6 13. Nxe7 Qxe7 14. Bc3 Bf5 15. Qe2 Qe6 16. O-O-O O-O-O 17. e4 Bh3 18. Bxh3 Qxh3 19. g4 g6 20. f3 f5 21.
Rhf1 Rhf8 22. exf5 gxf5 23. d4 fxg4 24. fxg4 Rxf1 25.
Qxf1 exd4 26. Qxh3 dxc3 27. g5+ Kb8 28. bxc3 Rg8 29.
Qg4 Bc5 30. Kb2 Ka7 31. g6 Rg7 32. Rf1 a5 33. Rf7 Rxf7 34. gxf7 1-0

[Event "*** Titled Tuesday Blitz"]
[Site "Chess.com"]
[Date "2020.10.27"]
[Round "4"]
[White "geordie_derraugh"]
[Black "AntonovaNadezhda"]
[Result "1-0"]
[WhiteElo "2407"]
[BlackElo "2123"]
[TimeControl "180+1"]
[EndTime "10:38:51 PDT"]
[Termination "geordie_derraugh won on time"]

1. e4 c5 2. Nf3 d6 3. Bb5+ Nd7 4. d4 cxd4 5. Qxd4 a6 6. Bxd7+ Bxd7 7. c4 e5 8. Qd3 h6 9. Nc3 Nf6 10. O-O Rc8 11. a4 Be7 12. a5 O-O 13. b3 Be6 14.
Rd1 Qc7 15. Be3 Nd7 16. Nd2 f5 17. f3 Nc5 18. Qc2 f4 19. Bf2 Nd7 20. Nd5 Bxd5 21. exd5 Nf6 22. Qg6 Rf7 23. Rdc1 Nh7 24. Ne4 Qd7 25. b4 Ng5 26. Nxg5 Bxg5 27. h4 Bf6 28. Qe4 Qe7 29. h5 Bh4 30. Bb6 Bg3 31. Kf1 Qh4 32. Ke2 Qh2 33. Rg1 Qxh5 34. Rh1 Qg5 35. Rac1 Bh4 36.
Rhg1 Bg3 37. c5 1-0

[Event "*** Titled Tuesday Blitz"]
[Site "Chess.com"]
[Date "2020.10.27"]
[Round "4"]
[White "dpopadic"]
[Black "MoreChessJulia"]
[Result "0-1"]
[WhiteElo "2381"]
[BlackElo "2045"]
[TimeControl "180+1"]
[EndTime "10:38:52 PDT"]
[Termination "MoreChessJulia won by resignation"]

1. e4 g6 2. Nc3 Bg7 3. f4 c5 4. Nf3 Nc6 5. Bc4 e6 6. f5 Nge7 7. fxe6 fxe6 8. d3 O-O 9. O-O d5 10. Bb3 d4 11. Ne2 Qd6 12. Bg5 Bd7 13. Qd2 Rae8 14.
Bh6 Kh8 15. Ng3 e5 16. Bxg7+ Kxg7 17. Qg5 Ng8 18. h3 h6 19. Qd2 Rf4 20. Ne2 Rf6 21.
Nh2 Ref8 22. Rxf6 Nxf6 23. Rf1 Nh5 24. g4 Nf4 25. Nxf4 exf4 26. Nf3 g5 27. c3 Ne5 28.
cxd4 Nxf3+ 29. Rxf3 Qxd4+ 30. Kg2 Bc6 31. Qc3 Rd8 32.
Qxd4+ Rxd4 33. Kf2 Kf6 34. Ke2 Ke5 35. Rf1 Bb5 36.
Rd1 Rxe4+ 37. Kd2 Re3 38. Kc2 Rxh3 39. Bc4 Bc6 40. Re1+ Kd4 41. Re6 f3 42. Rf6 Rh2+ 43. Kb3 f2 44. a4 Ke3 45. Kc3 Bf3 46. Re6+ Kf4 47. d4 cxd4+ 48. Kxd4 Kg3 49. Rf6 Rh1 50. a5 f1=Q 51. Bxf1 Rxf1 52. Rxh6 Kxg4 53. Rh7 Kg3 54. a6 bxa6 55. Rxa7 Be2 56. Rg7 g4 57. Ke3 Bb5 58.
Kd4 Kg2 59. b4 g3 60. Ke3 Rf3+ 61. Ke4 Kf2 62. Rc7 g2 63. Rc2+ Be2 0-1

[Event "*** Titled Tuesday Blitz"]
[Site "Chess.com"]
[Date "2020.10.27"]
[Round "4"]
[White "nurgyulsalimova"]
[Black "Gogolev_Artemy"]
[Result "1-0"]
[WhiteElo "2721"]
[BlackElo "2511"]
[TimeControl "180+1"]
[EndTime "10:38:53 PDT"]
[Termination "nurgyulsalimova won on time"]

1. d4 Nf6 2. Nf3 g6 3. b3 Bg7 4.
Bb2 O-O 5. Nbd2 b6 6. e4 Bb7 7.
Bd3 d5 8. Qe2 dxe4 9. Nxe4 Nbd7 10. O-O-O Nxe4 11. Bxe4 Bxe4 12. Qxe4 Nf6 13. Qe2 a5 14. a4 c6 15. Ne5 Qd6 16. Rhe1 Nd5 17.
g3 Rfb8 18. Qc4 Rc8 19. f4 Rab8 20. f5 b5 21. axb5 cxb5 22. Qf1 Nb4 23. fxg6 Nxc2 24. gxh7+ Kxh7 25. Qf5+ Kg8 26. Qxf7+ Kh7 27. Qf5+ Kg8 28.
Qf7+ Kh7 29. Re4 Na3+ 30. Kd2 Qh6+ 31. Kd3 Rf8 32. Rh4 Rxf7 33. Rxh6+ Bxh6 34. Nxf7 1-0

[Event "*** Titled Tuesday Blitz"]
[Site "Chess.com"]
[Date "2020.10.27"]
[Round "4"]
[White "Infernal_XaM"]
[Black "FMJoseHerrera"]
[Result "1-0"]
[WhiteElo "2852"]
[BlackElo "2552"]
[TimeControl "180+1"]
[EndTime "10:38:54 PDT"]
[Termination "Infernal_XaM won on time"]

1. d4 Nf6 2. c4 c5 3. d5 b5 4. Qc2 g6 5. e4 Bg7 6. e5 Ng8 7. Nf3 Nh6 8. cxb5 O-O 9. Bc4 d6 10. Nc3 Nf5 11. e6 fxe6 12. dxe6 Bb7 13. Nd5 a6 14. bxa6 Nxa6 15. O-O Nc7 16. Nxc7 Qxc7 17. Ng5 Nd4 18. Qd1 Rf5 19. Bd3 h6 20. Bxf5 Nxf5 21.
Nf7 Qc6 22. Qg4 Kh7 23. Re1 Nd4 24. Qh3 h5 25. Bg5 Nc2 26. Bxe7 Nxa1 27. Rxa1 Bxb2 28. Re1 Rxa2 29. Bxd6 Bc3 30. Rf1 Bd4 31. Be5 Bxe5 32. Nxe5 Qe4 33. Nf7 Qe2 34. Qc3 g5 35. Nxg5+ Kg6 36.
Nh3 Qxf1+ 37. Kxf1 Ba6+ 38. Kg1 Re2 39. Nf4+ 1-0

[Event "*** Titled Tuesday Blitz"]
[Site "Chess.com"]
[Date "2020.10.27"]
[Round "4"]
[White "SantoBlue"]
[Black "Natalya_Buksa"]
[Result "1-0"]
[WhiteElo "2835"]
[BlackElo "2549"]
[TimeControl "180+1"]
[EndTime "10:38:55 PDT"]
[Termination "SantoBlue won by checkmate"]

1. e4 c5 2. Nf3 Nc6 3. c3 Nf6 4. e5 Nd5 5. Bc4 Nb6 6. Bb3 d6 7. exd6 Qxd6 8. O-O Be6 9. a4 Bxb3 10. Qxb3 Qd7 11. a5 Nd5 12. a6 b6 13. Na3 e6 14. Nc4 Bd6 15. d4 cxd4 16. cxd4 O-O 17. Bg5 h6 18. Bh4 Bc7 19. Bg3 Nf4 20. Qe3 Ng6 21. Nfe5 Bxe5 22. dxe5 Qd4 23. Qxd4 Nxd4 24. Rfd1 Rfd8 25. Kf1 Ne7 26. Nd6 Ndf5 27. Rac1 Nxg3+ 28. hxg3 Nd5 29. Rd4 Rd7 30. Rdc4 Rad8 31. b4 Kf8 32. b5 Ke7 33. Rc8 Rxc8 34. Rxc8 Rd8 35. Rxd8 Kxd8 36. Nxf7+ Kd7 37. Nd6 g5 38. Ke2 Ne7 39. Ke3 Ng6 40. Ke4 h5 41. f4 gxf4 42. gxf4 Nh4 43. g3 Ng6 44. f5 exf5+ 45. Nxf5 Ke6 46.
Nd4+ Kd7 47. Nc6 h4 48. gxh4 Nxh4 49. Nxa7 Kc7 50. Nc6 Ng6 51. Kf5 Nf8 52. e6 Nxe6 53. Kxe6 Kc8 54. Ne5 Kc7 55. Nc4 Kb8 56. Nxb6 Ka7 57.
Nc4 Kb8 58. b6 Ka8 59. Kd6 Kb8 60. Kc6 Ka8 61. Nd6 Kb8 62. Nb5 Ka8 63. b7+ Kb8 64.
a7# 1-0

[Event "*** Titled Tuesday Blitz"]
[Site "Chess.com"]
[Date "2020.10.27"]
[Round "4"]
[White "niki_2003"]
[Black "anon569"]
[Result "0-1"]
[WhiteElo "1869"]
[BlackElo "2266"]
[TimeControl "180+1"]
[EndTime "10:38:55 PDT"]
[Termination "anon569 won by checkmate"]

1. d4 Nf6 2. c4 e6 3. Nf3 Bb4+ 4. Bd2 c5 5. Bxb4 cxb4 6. g3 Nc6 7. Bg2 d6 8. O-O O-O 9. Nbd2 e5 10. d5 Nb8 11. e4 Na6 12. Ne1 Nc5 13. a3 Qb6 14.
a4 a5 15. b3 Bg4 16. Bf3 Bh3 17. Bg2 Bxg2 18. Kxg2 Nfxe4 19. Nxe4 Nxe4 20. Qe2 f5 21. f3 Nc3 22. Qc2 f4 23. g4 Rae8 24. Nd3 e4 25.
fxe4 Rxe4 26. Rae1 f3+ 27. Rxf3 Rxg4+ 28. Rg3 Qd4 29.
Rf1 Re8 30. Qf2 Re2 31. h3 Rxf2+ 32. Rxf2 Rxg3+ 33. Kxg3 Qxd3+ 34. Kg2 Ne4 35. Rf3 Qe2+ 36. Kh1 Qxf3+ 37. Kg1 Qf2+ 38. Kh1 Ng3# 0-1

[Event "*** Titled Tuesday Blitz"]
[Site "Chess.com"]
[Date "2020.10.27"]
[Round "4"]
[White "boasovietica"]
[Black "MF1966Idrisov"]
[Result "1-0"]
[WhiteElo "2489"]
[BlackElo "2331"]
[TimeControl "180+1"]
[EndTime "10:38:56 PDT"]
[Termination "boasovietica won by checkmate"]

1. e4 c5 2. Nf3 d6 3. d4 cxd4 4. Nxd4 Nf6 5. Nc3 a6 6. Be3 e5 7. Nf3 Be7 8. Nd2 Be6 9. Nc4 O-O 10. Nb6 Ra7 11. Nbd5 Ra8 12. Bb6 Qd7 13. Nc7 Nc6 14. Nxa8 Rxa8 15. Be2 Bd8 16. Bxd8 Rxd8 17. O-O Nd4 18. Qd3 b5 19. Rad1 Rc8 20. Rd2 Bc4 21.
Qe3 Ng4 22. Bxg4 Qxg4 23. Re1 f5 24. f3 Qh4 25. Qf2 Qg5 26. exf5 Nxf3+ 27. Qxf3 Qxd2 28.
Rd1 Qxc2 29. Rxd6 Qc1+ 30. Kf2 Qxb2+ 31. Kg3 Bf7 32. Ne4 Qxa2 33. f6 g6 34. Ng5 Qb3 35.
Rd3 Qc4 36. Rd7 Qb3 37. Rxf7 Qxf3+ 38. gxf3 h6 39. Rg7+ Kf8 40. Ne6+ Ke8 41. Re7# 1-0

[Event "*** Titled Tuesday Blitz"]
[Site "Chess.com"]
[Date "2020.10.27"]
[Round "4"]
[White "PavelChernomordik"]
[Black "gui_borba"]
[Result "1-0"]
[WhiteElo "2300"]
[BlackElo "2448"]
[TimeControl "180+1"]
[EndTime "10:38:57 PDT"]
[Termination "PavelChernomordik won by resignation"]

1. e4 c6 2. Nc3 d5 3. Nf3 Bg4 4. Be2 e6 5. d4 Nd7 6. O-O Ne7 7. Ne5 Bxe2 8. Qxe2 Nxe5 9. dxe5 d4 10. Nd1 c5 11.
f4 Nc6 12. Nf2 Be7 13. c4 dxc3 14. bxc3 O-O 15. Be3 Qa5 16. Qc2 Rfd8 17. Rab1 Qa6 18. Rfd1 b6 19. Ng4 Qc4 20. Bf2 Nb4 21. Qb3 Qxb3 22.
axb3 Nc6 23. Kf1 Kf8 24. Ke2 h5 25. Ne3 Rxd1 26. Rxd1 Rd8 27. Ra1 f6 28. exf6 gxf6 29. f5 Kf7 30. Bg3 Bd6 31. Bxd6 Rxd6 32. Nc4 Rd8 33. Ne3 Rd7 34. Nc4 Ke7 35. Rf1 b5 36.
Ne3 Ne5 37. fxe6 Kxe6 38. Nd5 Rf7 39. Nf4+ Ke7 40. Nxh5 Rh7 41. Nxf6 Rxh2 42. Nd5+ Kd7 43. Kf2 Rh4 44. Ke3 Rh2 45. Kf2 Rh4 46. Ra1 Rxe4 47. Nf6+ Kd6 48. Nxe4+ 1-0

[Event "*** Titled Tuesday Blitz"]
[Site "Chess.com"]
[Date "2020.10.27"]
[Round "4"]
[White "WuinaterJr"]
[Black "Samantha_Ross"]
[Result "1-0"]
[WhiteElo "2516"]
[BlackElo "2320"]
[TimeControl "180+1"]
[EndTime "10:38:59 PDT"]
[Termination "WuinaterJr won on time"]

1. d4 d6 2. Nf3 Nf6 3. g3 c6 4. Bg2 Nbd7 5. O-O e5 6. c4 Qc7 7. Nc3 Be7 8. Qc2 O-O 9. b3 Re8 10. Bb2 a5 11. Rac1 Bf8 12. Rfd1 g6 13. d5 Nc5 14. a3 Bf5 15. e4 Ncxe4 16. Nxe4 Bxe4 17.
Qe2 Qb6 18. dxc6 bxc6 19. c5 dxc5 20. Bxe5 Bxf3 21. Qxf3 Rxe5 22. Qxf6 Re6 23. Qf3 Rb8 24. Rd7 f6 25. Bh3 f5 26. Bf1 Kh8 27. Bc4 Re4 28. Rcd1 Bg7 29. Kg2 Rbe8 30. Rf7 R4e7 31. Rd7 Rxd7 32.
Rxd7 Rd8 33. Re7 Qb8 34. Qe3 Rf8 35. Qxc5 Qd8 36. Qa7 1-0

[Event "*** Titled Tuesday Blitz"]
[Site "Chess.com"]
[Date "2020.10.27"]
[Round "4"]
[White "Kislov_Oleg"]
[Black "WiktoriaPOL"]
[Result "1-0"]
[WhiteElo "2334"]
[BlackElo "2079"]
[TimeControl "180+1"]
[EndTime "10:38:59 PDT"]
[Termination "Kislov_Oleg won on time"]

1. e4 c5 2. Nf3 g6 3. c3 d5 4. exd5 Qxd5 5. d4 Bg4 6. Be2 cxd4 7. cxd4 Bg7 8. Nc3 Qd8 9. Qb3 Qb6 10. Qxb6 axb6 11.
Nd5 Bxf3 12. Bxf3 Ra4 13. Nxb6 Rxd4 14. O-O Nc6 15. Be3 Rb4 16. Rad1 Nf6 17. b3 O-O 18.
Nd7 Nxd7 19. Rxd7 Ne5 20. Rxe7 Nxf3+ 21. gxf3 Ra8 22. Bc5 Rb5 23. b4 b6 24. Rb7 Bf8 25. a4 Rxa4 26. Rb8 bxc5 27. Rxb5 cxb4 28. Rd1 Ra7 29. Kg2 Kg7 30. Rd3 Rc7 31. Rb8 Rc1 32. Rb7 Rc6 33. Rdd7 Rf6 34. Rb8 Re6 35. Rdd8 Be7 36.
Rg8+ Kf6 37. Rb7 h5 38. Rc8 Re2 39. Rcc7 Re1 40. Rc6+ Kg7 41. f4 Re4 42. Kf3 Re1 43. Rcc7 Kg8 44. Rxe7 1-0

[Event "*** Titled Tuesday Blitz"]
[Site "Chess.com"]
[Date "2020.10.27"]
[Round "4"]
[White "Gordima"]
[Black "SergeyKarjakin"]
[Result "0-1"]
[WhiteElo "2811"]
[BlackElo "3011"]
[TimeControl "180+1"]
[EndTime "10:39:00 PDT"]
[Termination "SergeyKarjakin won on time"]

1. d4 Nf6 2. c4 e6 3. Nc3 Bb4 4. e3 O-O 5. Bd3 d5 6. a3 Bxc3+ 7. bxc3 dxc4 8. Bxc4 c5 9. Nf3 Qc7 10. Ba2 b6 11.
O-O Bb7 12. h3 Nc6 13. Bb2 Rfd8 14. Qe2 Na5 15. Rac1 h6 16. c4 cxd4 17. exd4 Qf4 18. Qe5 Qxe5 19. Nxe5 Rac8 20. Rfd1 Rc7 21. Bc3 Nc6 22.
Nxc6 Bxc6 23. d5 Rcd7 24. Re1 exd5 25. Bxf6 gxf6 26. cxd5 Bxd5 27. Bxd5 Rxd5 28. Rc7 R8d7 29. Re8+ Kg7 30. Rcc8 Kg6 31. Rg8+ Kf5 32. Rh8 Rd3 33. Rxh6 Rxa3 34. Rc6 Ke5 35. Rcxf6 b5 36. Rc6 Rb7 37.
Rh5+ Kd4 38. Rd6+ Kc3 39. Rc6+ Kb2 40. Re5 Rc3 41. Re2+ Kb3 42. Ra6 b4 43. Rea2 Rcc7 44. Ra1 Kb2 45. R6a2+ Kc3 46. Rc1+ Kb3 47. Rca1 Rc1+ 48.
Rxc1 Kxa2 49. h4 b3 0-1

[Event "*** Titled Tuesday Blitz"]
[Site "Chess.com"]
[Date "2020.10.27"]
[Round "4"]
[White "AndreyNeves"]
[Black "TomasKapitanchuk"]
[Result "1-0"]
[WhiteElo "2272"]
[BlackElo "2429"]
[TimeControl "180+1"]
[EndTime "10:39:00 PDT"]
[Termination "AndreyNeves won by checkmate"]

1. d4 Nf6 2. c4 e6 3. g3 c5 4. d5 exd5 5. cxd5 d6 6. Nc3 g6 7. Bg2 Bg7 8. Nf3 O-O 9. O-O Re8 10. Nd2 a6 11. a4 Nbd7 12. Nc4 Ne5 13. Ne3 Neg4 14. Nc4 Ne5 15. Na3 Nh5 16. h3 f5 17. f4 Nxg3 18. fxe5 Nxf1 19. Qxf1 Bxe5 20. Bf4 Qf6 21. Nc4 Bd4+ 22. e3 Bxc3 23. bxc3 g5 24. Bxd6 b5 25. axb5 Bd7 26. Rxa6 Bxb5 27. Rxa8 Rxa8 28.
Bxc5 Qxc3 29. Qxf5 Qxc4 30. Qxg5+ Kf7 31. d6 Ra1+ 32. Kh2 Rd1 33. Qe7+ Kg6 34. Be4+ Kh6 35. Qf8+ Kh5 36. Qf5+ Kh6 37. Qxh7+ Kg5 38. Qf5+ Kh4 39. Qg4# 1-0

[Event "*** Titled Tuesday Blitz"]
[Site "Chess.com"]
[Date "2020.10.27"]
[Round "4"]
[White "BilodeauA"]
[Black "TimofeevAr"]
[Result "1-0"]
[WhiteElo "2909"]
[BlackElo "2774"]
[TimeControl "180+1"]
[EndTime "10:39:01 PDT"]
[Termination "BilodeauA won by resignation"]

1. d4 d5 2. Nc3 Nf6 3. Bf4 a6 4. e3 e6 5. g4 Bd6 6. Qf3 Bxf4 7. Qxf4 Qd6 8. Qxd6 cxd6 9. g5 Nfd7 10. Bg2 Nc6 11. O-O-O Ke7 12. f4 h6 13. h4 hxg5 14. hxg5 Rxh1 15.
Bxh1 b6 16. e4 dxe4 17. d5 Na5 18. Bxe4 e5 19. Nge2 Nc4 20. f5 Nc5 21. Ng3 Ne3 22. f6+ gxf6 23. gxf6+ Kxf6 24. Re1 Ng4 25. b4 Nxe4 26.
Ncxe4+ Ke7 27. Rh1 Bd7 28. Rh7 Rg8 29. c4 Nf6 30. Rh6 Nxe4 31. Nxe4 Rg6 32. Rxg6 fxg6 33.
Kd2 Bf5 34. Ng5 Kf6 35. Nh7+ Ke7 36. Ng5 Bb1 37. a4 Ba2 38. Kc3 b5 39. axb5 axb5 40. cxb5 Bxd5 41. b6 Bb7 42. b5 d5 43. Kb4 d4 44. Kc4 Kf6 45. Nh7+ Kf5 46. Nf8 g5 47. Nd7 g4 48. Nc5 g3 49. Nxb7 g2 50. Nd6+ Kf4 51.
b7 g1=Q 52. b8=Q Qc1+ 53. Kd5 Qh1+ 54. Ke6 Qh6+ 55. Kd5 Qh1+ 56. Kc5 Qc1+ 57. Nc4 Qe1 58. Qxe5+ Qxe5+ 59. Nxe5 Kxe5 60. b6 d3 61. b7 Ke4 62.
b8=Q d2 63. Qb1+ Ke3 64. Qd1 1-0

[Event "*** Titled Tuesday Blitz"]
[Site "Chess.com"]
[Date "2020.10.27"]
[Round "4"]
[White "Zkid"]
[Black "AnishOnYoutube"]
[Result "0-1"]
[WhiteElo "2809"]
[BlackElo "2979"]
[TimeControl "180+1"]
[EndTime "10:39:02 PDT"]
[Termination "AnishOnYoutube won by resignation"]

1. e4 c5 2. Nf3 d6 3. d4 cxd4 4. Nxd4 Nf6 5. f3 Nc6 6. c4 e5 7. Nc2 Be6 8. Nc3 Be7 9. Be2 O-O 10. O-O Nd7 11. b4 Nxb4 12. Nxb4 Qb6+ 13. Kh1 Qxb4 14.
Nb5 Bxc4 15. a4 Bxe2 16. Qxe2 Qa5 17. Rd1 Nc5 18. Nxd6 Bxd6 19. Rxd6 Nb3 20. Rb1 Nd4 21. Qd1 Qc7 22. Ba3 Rfd8 23. Rxd8+ Rxd8 24. Rc1 Nc6 25. Qb3 h6 26. h3 Qd7 27. Bb2 Kh7 28. Rc5 Qd1+ 29.
Qxd1 Rxd1+ 30. Kh2 f6 31. Rd5 Rxd5 32. exd5 Ne7 33. d6 Nc6 34. d7 Kg6 35. Ba3 Kf7 36.
g4 g6 37. Kg3 a6 38. Bc5 b5 39. axb5 axb5 40. f4 exf4+ 41. Kxf4 Ke6 42. Bf8 Kxd7 43. Bxh6 b4 44. Ke4 Ne5 45. Bg7 b3 46. Bxf6 b2 0-1

[Event "*** Titled Tuesday Blitz"]
[Site "Chess.com"]
[Date "2020.10.27"]
[Round "4"]
[White "vladislavkovalev"]
[Black "Lagmantr"]
[Result "1-0"]
[WhiteElo "2851"]
[BlackElo "2745"]
[TimeControl "180+1"]
[EndTime "10:39:02 PDT"]
[Termination "vladislavkovalev won by resignation"]

1. e4 c6 2. Nf3 d5 3. Nc3 dxe4 4.
Nxe4 Nf6 5. Qe2 Nxe4 6. Qxe4 Qd5 7. Qh4 Qe6+ 8. Be2 Qg4 9. Qg3 g6 10. d4 Bg7 11. c3 O-O 12. Ne5 Qxg3 13. hxg3 Nd7 14. Nxd7 Bxd7 15. Bh6 Bxh6 16. Rxh6 Kg7 17. Rh4 h5 18. Re4 Rae8 19. f4 Rh8 20. Kf2 h4 21.
gxh4 Rxh4 22. Kg3 Rhh8 23. Bf3 Kf6 24. Re5 Bf5 25. b4 Reg8 26. a4 g5 27. fxg5+ Rxg5+ 28. Kf2 Be6 29. Rxg5 Kxg5 30. Re1 Kf6 31. Re5 Rc8 32. Ke3 Bd5 33. g4 e6 34. g5+ Ke7 35. Be2 Rh8 36. c4 Rh3+ 37. Kd2 Bf3 38. Re3 Bg2 39. Rxh3 Bxh3 40.
Ke3 Kd6 41. Kf4 Bf5 42. Bf3 a5 43. c5+ Kd7 44. bxa5 Bc2 45. Ke5 Bxa4 46. Kf6 Ke8 47. Bh5 Kf8 48. Bxf7 e5 49. g6 1-0

[Event "*** Titled Tuesday Blitz"]
[Site "Chess.com"]
[Date "2020.10.27"]
[Round "4"]
[White "Trickov"]
[Black "Ajedrez_con_German"]
[Result "0-1"]
[WhiteElo "2354"]
[BlackElo "2539"]
[TimeControl "180+1"]
[EndTime "10:39:02 PDT"]
[Termination "Ajedrez_con_German won on time"]

1. d4 d5 2. Nf3 c6 3. c4 Nf6 4.
Nc3 e6 5. g3 Nbd7 6. Bg2 Be7 7.
b3 O-O 8. O-O b6 9. Qc2 Bb7 10.
Rd1 Rc8 11. e4 Bb4 12. e5 Ne8 13. a3 Be7 14. h4 h6 15. Bb2 Nc7 16. Rac1 c5 17. dxc5 Nxc5 18. Nd4 Qd7 19. Ndb5 Nxb5 20. Nxb5 a6 21. Nd6 Bxd6 22. exd6 Qxd6 23. b4 Nd7 24. Qe2 Rcd8 25. Qg4 f6 26. Qg6 Ne5 27. Qc2 Rc8 28.
Qe2 Rfd8 29. cxd5 Rxc1 30. Rxc1 exd5 31. Bd4 b5 32. Bc5 Qd7 33. Rd1 Nc4 34. a4 Re8 35. Qa2 Bc6 36. axb5 axb5 37. Qa6 Qe6 0-1

[Event "*** Titled Tuesday Blitz"]
[Site "Chess.com"]
[Date "2020.10.27"]
[Round "4"]
[White "WonderChampion"]
[Black "nitpicker"]
[Result "0-1"]
[WhiteElo "2032"]
[BlackElo "2268"]
[TimeControl "180+1"]
[EndTime "10:39:02 PDT"]
[Termination "nitpicker won on time"]

1. d4 Nf6 2. Bg5 Ne4 3. Bf4 c5 4. f3 Qa5+ 5. c3 Nf6 6. Nd2 cxd4 7. cxd4 d6 8. e4 Nc6 9. Bc4 g6 10. Ne2 Bg7 11. O-O d5 12. Bd3 dxe4 13. fxe4 O-O 14.
Nc4 Qd8 15. d5 Na5 16. Na3 Nh5 17.
Qd2 Nxf4 18. Nxf4 b6 19. Rac1 Nb7 20. Rc2 Nd6 21. Rfc1 Bd7 22. Qe2 Rc8 23. Nc4 Nxc4 24. Bxc4 Qc7 25. Nd3 Qb8 26. b3 b5 27. Bxb5 Qxb5 28.
Rxc8 Rxc8 29. Rd1 Rc3 30. Qd2 Bd4+ 31. Kf1 Qb6 32. Ke1 Rc8 33. Ke2 Qc7 34. Ke1 Qxh2 35. Rc1 Qg1+ 36. Ke2 Qxc1 0-1